 Dungeon Crawl Stone Soup version 0.26-a0-1040-gbe3abf3417 (webtiles) character file.

Game seed: 5321432199473555059

2 sahdkjhfkaj the Chiller (level 1, 0/11 HPs)
             Began as an Octopode Ice Elementalist on Dec 11, 2020.
             Slain by a jackal (1 damage)
             ... on level 1 of the Dungeon.
             The game lasted 00:00:19 (241 turns).

sahdkjhfkaj the Chiller (Octopode Ice Elementalist)  Turns: 241, Time: 00:00:19

Health: 0/11       AC:  1    Str:  7    XL:     1   Next: 40%
Magic:  0/3        EV: 13    Int: 17    God:
Gold:   0          SH:  0    Dex: 12    Spells: 3/4 levels left

rFire    . . .     SeeInvis .   (no weapon)
rCold    . . .     Faith    .   (no shield)
rNeg     . . .     Spirit   .   (helmet restricted)
rPois    .         Reflect  .   (no amulet)
rElec    .         Harm     .   (no ring)
rCorr    .         Rampage  .   (no ring)
Will     .....                  (no ring)
Stlth    +++.......             (no ring)
HPRegen  0.03/turn              (no ring)
MPRegen  0.08/turn              (no ring)
                                (no ring)
                                (no ring)

@: no status effects
A: almost no armour, stealthy swim, amphibious, 8 rings, constrict 8, camouflage
1, gelatinous body 1
a: no special abilities


You were on level 1 of the Dungeon.
You visited 1 branch of the dungeon, and saw 1 of its levels.

Inventory:

Scrolls
 a - a scroll of fog {unknown}
 b - a scroll of teleportation {unknown}
 c - a scroll of identify {unknown}
 d - a scroll of remove curse


   Skills:
 - Level 2.0 Dodging
 - Level 2.6 Stealth
 + Level 2.0 Spellcasting
 * Level 4.1 Ice Magic


You had 3 spell levels left.
You knew the following spells:

 Your Spells              Type           Power        Failure   Level
a - Freeze                Ice            ###.         3%          1

Your spell library contained the following spells:

 Spells                   Type           Power        Failure   Level
 Frozen Ramparts          Ice            ###...       11%         3
 Ozocubu's Armour         Ice            ###.....     11%         3
 Hailstorm                Conj/Ice       #.......     63%         4
 Summon Ice Beast         Ice/Summ       #.......     63%         4


Dungeon Overview and Level Annotations

Branches:
Dungeon (1/15)

Altars:


Innate Abilities, Weirdness & Mutations

You cannot wear most types of armour.
You are very stealthy in the water. (Stealth+)
You are amphibious.
You can wear up to eight rings at the same time.
You can use your tentacles to constrict eight enemies at once.
Your skin changes colour to match your surroundings (Stealth+).
Your rubbery body absorbs attacks. (AC +1, EV +1)


Message History

You don't have enough magic to cast that spell.
Unknown command.
You tentacle-slap the jackal but do no damage.
Your grab misses the jackal.
The jackal is heavily wounded.
The jackal bites you.
* * * LOW HITPOINT WARNING * * *
The jackal misses you. The jackal bites you.
* * * LOW HITPOINT WARNING * * *
You tentacle-slap the jackal. Your grab misses the jackal.
The jackal is severely wounded.
The jackal barely misses you. The jackal closely misses you.
Unknown command.
You aren't carrying any potions.
As you read the scroll labelled XOCOICSA REOD, it crumbles to dust.
You feel blessed for a moment.
It was a scroll of remove curse.
The jackal closely misses you.
The jackal bites you but does no damage.
The jackal bites you.
You die...

.#.. ..# .#.### .. (#.#..
#.## ...#.# #..#+#######
...#.# ##+##..........
...#.###.##..............
.........##..............
..##.######.......#######
..##(######.....@h.#
..).....†.+.....#h.#####
..#######.#.....#......#
................#......#
................#......#
#####.....##+####......#
#.##### #......# #.
#.....!# . #......#


You could see 2 jackals.

Vanquished Creatures
  A jackal (D:1)
  A frilled lizard (D:1)
  A kobold (D:1)
3 creatures vanquished.

Notes
Turn   | Place    | Note
-------+----------+-------------------------------------------
     0 | D:1      | sahdkjhfkaj the Octopode Ice Elementalist began the quest
                  | for the Orb.
     0 | D:1      | Reached XP level 1. HP: 11/11 MP: 3/3
   241 | D:1      | Slain by a jackal

Illustrated notes

Levels and vault maps discovered:
D:1:      evilmike_arrival_hilbert_curve, layout_basic,
          minmay_misc_feat_enclosed, minivault_27

Action                   || total
-------------------------++-------
Melee: Unarmed           ||    12
       Constrict         ||     2
       Tentacles         ||     1
 Cast: Freeze            ||     3
  Use: Scroll            ||     1
 Stab: Sleeping          ||     2
Armor: Skin              ||     4
Dodge: Dodged            ||    20

Table legend: (Time is in decaauts)
 A = Elapsed time spent in this place.
 B = Non-inter-level travel time spent in this place.
 C = Inter-level travel time spent in this place.
 D = Time resting spent in this place.
 E = Time spent auto-exploring this place.
 F = Levels seen in this place.
 G = Mean time per level.
                   A        B        C        D        E       F      G
               +--------+--------+--------+--------+--------+-----+--------+
         Total |    241 |    241 |      0 |      0 |    197 |   1 |  241.0 |
       Dungeon |    241 |    241 |      0 |      0 |    197 |   1 |  241.0 |
               +--------+--------+--------+--------+--------+-----+--------+

Top non-repeatable levels by time:
     D:1: 241 daAuts
